 Dungeon Crawl Stone Soup version 0.16.2-12-gd0ad4c3 (webtiles) character file.

28233 Seneschal the Unseen (level 13, 0/55 HPs)
             Began as a Spriggan Enchanter on Sept 24, 2015.
             Was a High Priest of Dithmenos.
             Slain by an azure jelly (6 damage)
             ... on level 6 of the Lair of Beasts.
             The game lasted 01:15:53 (14621 turns).

Seneschal the Unseen (Spriggan Enchanter)          Turns: 14621, Time: 01:15:55

Health: 0/55       AC:  4    Str:  8    XL:     13   Next: 8%
Magic:  34/34      EV: 30    Int: 18    God:    Dithmenos [*****.]
Gold:   461        SH:  0    Dex: 20    Spells: 5 memorised, 17 levels left

rFire  . . .     SeeInvis +     B - +3 dagger
rCold  . . .     Clarity  .     b - +1 robe
rNeg   . . .     SustAb   .     (shield restricted)
rPois  .         Gourm    .     (helmet restricted)
rElec  .         Spirit   .     r - +0 cloak
rCorr  .         Warding  .     (gloves unavailable)
rMut   .         Stasis   +     (boots unavailable)
MR     ++...                    x - amulet of stasis
Stlth  ++++++++++               T - ring "Xamausch" {Str+4 Slay+2 Stlth+}
                                y - +6 ring of slaying

@: wreathed by umbra, very quick, very resistant to hostile enchantments,
uncannily stealthy
A: unfitting armour, see invisible, herbivore 3, speed 3, slow metabolism 2
a: Shadow Step, Shadow Form, Renounce Religion


You were on level 6 of the Lair of Beasts.
You worshipped Dithmenos.
Dithmenos was extremely pleased with you.
You were hungry.

You visited 3 branches of the dungeon, and saw 16 of its levels.

You collected 997 gold pieces.
You spent 536 gold pieces at shops.

Inventory:

Hand weapons
 w - a +6 dagger of venom
 B - a +3 dagger (weapon)
Armour
 b - a +1 robe (worn)
 r - a +0 cloak (worn)
Jewellery
 a - a cursed ring of loudness {unknown}
 x - an amulet of stasis (around neck)
 y - a +6 ring of slaying (left hand)
 T - the ring "Xamausch" (right hand) {Str+4 Slay+2 Stlth+}
   (You bought it in a shop on level 8 of the Dungeon)

   [ring of stealth]

   It affects your strength (+4).
   It affects your accuracy and damage with ranged weapons and melee attacks
   (+2).
   It makes you more stealthy.
Magical devices
 f - a wand of enslavement (12)
 h - a wand of draining (9)
 p - a wand of lightning (4)
 s - a wand of disintegration (11)
 P - a wand of enslavement (13)
 R - a wand of draining (7)
 V - a wand of disintegration (11)
Scrolls
 e - a scroll of amnesia
 i - 6 scrolls of blinking
 j - a scroll of torment {unknown}
 o - 11 scrolls of remove curse
 q - 4 scrolls of teleportation
 A - 3 scrolls of enchant armour {unknown}
 F - 7 scrolls of identify
Potions
 g - 4 potions of agility
 m - a potion of invisibility
 z - 2 potions of brilliance
 D - a potion of cure mutation
 E - 2 potions of magic {unknown}
 H - a potion of lignification {unknown}
 I - a potion of might {unknown}
 J - 4 potions of haste {unknown}
 K - 2 potions of cancellation {unknown}
 M - 3 potions of poison {unknown}
 Q - a potion of degeneration {unknown}
 Z - a potion of mutation {unknown}
Books
 c - a book of Maledictions

   Spells                             Type                      Level
   a - Corona                         Hexes                        1
   b - Sure Blade                     Hexes/Charms                 2
   c - Ensorcelled Hibernation        Hexes/Ice                    2
   d - Confuse                        Hexes                        3
   e - Dazzling Spray                 Conjuration/Hexes            3
   f - Enslavement                    Hexes                        4
 U - a book of Dreams

   Spells                             Type                      Level
   a - Ensorcelled Hibernation        Hexes/Ice                    2
   b - Flight                         Charms/Air                   3
   c - Phase Shift                    Translocation                5
   d - Shadow Creatures               Summoning                    5
   e - Mass Confusion                 Hexes                        6
   f - Darkness                       Hexes                        7
Comestibles
 d - 8 bread rations
 N - 34 fruits
 S - 6 royal jellies


   Skills:
 * Level 7.9 Short Blades
 * Level 11.8 Dodging
 * Level 19.7 Stealth
 + Level 10.8 Spellcasting
 * Level 13.2 Hexes
 + Level 0.2 Invocations


You had 17 spell levels left.
You knew the following spells:

 Your Spells              Type           Power        Failure   Level  Hunger
a - Corona                Hex            ######.      1%          1    None
b - Ensorcelled Hibernat  Hex/Ice        ####..       1%          2    None
c - Confuse               Hex            ######..     1%          3    None
d - Enslavement           Hex            ######..     1%          4    ##.....
e - Mass Confusion        Hex            ######....   8%          6    ######.


Dungeon Overview and Level Annotations

Branches:
Dungeon (9/15)             Temple (1/1) D:6            Lair (6/8) D:8
 Shoals (0/5) Lair:6       Spider (0/5) Lair:5        Slime (0/6) Lair:6
    Orc: D:9-12

Altars:
Ashenzari
Cheibriados
Dithmenos
Elyvilon
Fedhas
Gozag
Kikubaaqudgha
Makhleb
Nemelex Xobeh
Okawaru
Qazlal
Ru
Sif Muna
Trog
Vehumet
Xom
Yredelemnul
Zin
The Shining One
Jiyva

Shops:
D:8 =


Innate Abilities, Weirdness & Mutations

You are tiny and cannot use many weapons and most armour.
You have supernaturally acute eyesight.
You are a herbivore.
You cover ground extremely quickly.
You need consume almost no food.


Message History

You puncture the fungus!
The fungus is almost destroyed.
You puncture the fungus!
You destroy the fungus!
You puncture the fungus!
The fungus is moderately damaged.
You open the door.
The azure jelly quivers.
The azure jelly jiggles.
Wield which item (- for none, * to show all)? (? for menu, Esc to quit)
Your +6 dagger of venom stops dripping with poison.
B - a +3 dagger (weapon)
You open the door.
The azure jelly hits you but does no damage.
The azure jelly hits you! The azure jelly freezes you!!!
Ouch! That really hurt!
* * * LOW HITPOINT WARNING * * *
You emit a cloud of dark smoke.
The azure jelly misses you. The azure jelly hits you.
You die...

######## #....♣
#.>.#..## ###†.♣♣
#...#.P.#####...#♣♣
#(_.#...##.##......
###'##...#...'.....♣
#..................♣
##........##.P......♣
##÷..J....P.......†...
#.#.§@§..P...........♣
####.#'.##...._......♣
###..##...........♣
#...##...........♣
##..#####.....#.#♣
###.....# ###).###♣
####...#..P### ####
#............#
##..........P#


You could see an azure jelly.

Vanquished Creatures
  The ghost of Turgon the Grappler, an experienced TrWr of Cheibriados (Lair:5)
  3 hydras
  The ghost of Turgon the Skirmisher, an experienced DsIE of Ashenzari (Lair:5)
  A lindwurm (Lair:5)
  4 griffons
  6 black mambas
  4 spiny frogs
  6 komodo dragons
  5 fire drakes
  2 polar bears (Lair:5)
  Prince Ribbit (D:4)
  3 blink frogs (Lair:1)
  2 ravens (Lair:5)
  7 wyverns
  16 yaks
  4 trapdoor spiders (Lair:5)
  10 basilisks
  5 hippogriffs
  2 hungry ghosts (D:7)
  3 centaurs
  6 wolves (Lair:2)
  Menkaure (D:6)
  A hell hound (Lair:6)
  10 water moccasins
  An orc warrior (D:9)
  10 porcupines
  A phantom (D:5)
  An eye of draining (D:9)
  2 sky beasts
  4 ogres
  A necrophage (D:9)
  8 crocodiles
  2 big kobolds
  Duvessa (D:6)
  A gnoll sergeant (D:9)
  15 giant frogs
  A scorpion (D:3)
  6 killer bees (Lair:1)
  Dowan (D:6)
  A centaur zombie (D:8)
  A goliath beetle (D:7)
  11 hounds
  4 crimson imps
  An orc priest (D:5)
  2 jellies
  A centaur skeleton (D:4)
  2 giant frog skeletons
  3 iguanas
  11 orc wizards
  5 worker ants
  A killer bee zombie (D:6)
  26 sheep
  Ijyb (D:6)
  7 gnolls
  31 river rats
  20 adders
  2 giant mites
  5 worms
  An adder skeleton (D:7)
  An adder zombie (D:9)
  10 giant geckos
  An ooze (D:3)
  14 orcs
  7 giant cockroaches
  8 hobgoblins
  5 jackals (D:8)
  9 quokkas
  2 ball pythons (D:2)
  16 bats
  9 giant newts
  A giant spore (D:9)
  7 goblins
  21 kobolds
  A quokka skeleton (D:8)
  A quokka zombie (D:5)
  17 rats
  7 ballistomycetes (D:9)
  A butterfly (D:6)
  A fungus (Lair:6)
434 creatures vanquished.

Vanquished Creatures (collateral kills)
  A queen bee (Lair:1)
  5 killer bees (Lair:1)
  An orc priest (D:6)
  An orc wizard (D:6)
  An iguana (Lair:1)
  An orc (D:6)
  A butterfly (D:6)
11 creatures vanquished.

Vanquished Creatures (others)
  A spiny frog (Lair:3)
  3 killer bees (Lair:1)
  An orc (D:9)
  A giant spore (D:9)
  13 fungi
  4 plants
23 creatures vanquished.

Grand Total: 468 creatures vanquished

Notes
Turn   | Place    | Note
--------------------------------------------------------------
     0 | D:1      | Seneschal, the Spriggan Enchanter, began the quest for the Orb.
     0 | D:1      | Reached XP level 1. HP: 9/9 MP: 4/4
   226 | D:1      | Reached XP level 2. HP: 13/13 MP: 8/8
   230 | D:1      | Learned a level 2 spell: Ensorcelled Hibernation
   792 | D:2      | Found a shimmering altar of Xom.
   809 | D:2      | Reached skill level 5 in Stealth
   809 | D:2      | Reached XP level 3. HP: 9/16 MP: 2/11
   815 | D:2      | Found a shimmering altar of Xom.
  1125 | D:2      | Reached XP level 4. HP: 21/21 MP: 14/14
  1340 | D:2      | Found a shimmering altar of Xom.
  1640 | D:3      | Found a blossoming altar of Fedhas.
  1640 | D:3      | Found a stormy altar of Qazlal.
  1699 | D:3      | Learned a level 3 spell: Confuse
  1704 | D:3      | Learned a level 4 spell: Enslavement
  1854 | D:3      | Reached skill level 6 in Stealth
  1854 | D:3      | Reached XP level 5. HP: 24/24 MP: 8/18
  2204 | D:4      | Noticed an ogre
  2212 | D:4      | Killed an ogre
  2212 | D:4      | Reached skill level 7 in Stealth
  2212 | D:4      | Reached skill level 5 in Spellcasting
  2212 | D:4      | Reached skill level 5 in Hexes
  2212 | D:4      | Reached XP level 6. HP: 28/28 MP: 15/21
  2234 | D:4      | Noticed Prince Ribbit
  2236 | D:4      | Found a shattered altar of Ashenzari.
  2282 | D:4      | Killed Prince Ribbit
  2282 | D:4      | Reached XP level 7. HP: 21/32 MP: 3/23
  2538 | D:4      | Reached skill level 8 in Stealth
  2905 | D:5      | Entered Level 5 of the Dungeon
  3410 | D:5      | Reached skill level 9 in Stealth
  3434 | D:5      | Found a bloodstained altar of Trog.
  3576 | D:5      | Reached XP level 8. HP: 34/36 MP: 0/25
  3827 | D:5      | Found a burning altar of Makhleb.
  3828 | D:5      | Found a radiant altar of Vehumet.
  4203 | D:6      | Noticed Duvessa
  4209 | D:6      | Noticed Dowan
  4210 | D:6      | Killed Duvessa
  4213 | D:6      | Killed Dowan
  4306 | D:6      | Found a snail-covered altar of Cheibriados.
  4312 | D:6      | Reached skill level 5 in Dodging
  4481 | D:6      | Noticed Menkaure
  4492 | D:6      | Killed Menkaure
  4602 | D:6      | Reached skill level 10 in Stealth
  4605 | D:6      | Found a staircase to the Ecumenical Temple.
  4691 | D:6      | Found a sparkling altar of Nemelex Xobeh.
  4839 | D:6      | Noticed Ijyb
  4846 | D:6      | Killed Ijyb
  4855 | Temple   | Entered the Ecumenical Temple
  4899 | Temple   | Became a worshipper of Dithmenos the Shadowed
  5387 | D:7      | Reached XP level 9. HP: 39/39 MP: 27/27
  5530 | D:7      | Reached skill level 11 in Stealth
  5929 | D:7      | Found a glowing silver altar of Zin.
  6143 | D:8      | Found a sacrificial altar of Ru.
  6229 | D:8      | Found an iron altar of Okawaru.
  6524 | D:8      | Found a staircase to the Lair.
  6605 | D:8      | Found a blossoming altar of Fedhas.
  6663 | D:8      | Found Zeviebid's Jewellery Emporium.
  6666 | D:8      | Bought the ring "Xamausch" {Str+4 Slay+2 Stlth+} for 536 gold pieces
  6980 | D:9      | Reached skill level 12 in Stealth
  7020 | D:9      | Acquired Dithmenos' first power
  7078 | D:9      | Learned a level 6 spell: Mass Confusion
  7268 | D:9      | Reached skill level 13 in Stealth
  7540 | D:9      | Found an opulent altar of Gozag.
  7660 | D:9      | Reached XP level 10. HP: 44/44 MP: 29/29
  7700 | Lair:1   | Entered Level 1 of the Lair of Beasts
  7937 | Lair:1   | Reached skill level 14 in Stealth
  7947 | Lair:1   | Acquired Dithmenos' second power
  7960 | Lair:1   | Reached skill level 10 in Hexes
  8185 | Lair:1   | Reached skill level 5 in Short Blades
  9327 | Lair:2   | Noticed a black mamba
  9332 | Lair:2   | Reached skill level 15 in Stealth
  9359 | Lair:2   | Killed a black mamba
  9359 | Lair:2   | Reached XP level 11. HP: 36/47 MP: 5/31
  9602 | Lair:3   | Noticed a death yak
  9605 | Lair:3   | Noticed a death yak
  9610 | Lair:3   | Noticed a death yak
  9855 | Lair:3   | Acquired Dithmenos' third power
 10900 | Lair:4   | Reached skill level 16 in Stealth
 10909 | Lair:4   | Noticed a four-headed hydra
 10926 | Lair:4   | Killed a four-headed hydra
 10926 | Lair:4   | Reached skill level 10 in Dodging
 11344 | Lair:4   | Reached skill level 17 in Stealth
 11828 | Lair:5   | Noticed a lindwurm
 11846 | Lair:5   | Killed a lindwurm
 11846 | Lair:5   | Reached XP level 12. HP: 10/51 MP: 21/33
 12223 | Lair:5   | Noticed Turgon's ghost (experienced TrWr)
 12242 | Lair:5   | Killed Turgon's ghost
 12399 | Lair:5   | Noticed Turgon's ghost (experienced DsIE)
 12400 | Lair:5   | Acquired Dithmenos' fourth power
 12606 | Lair:5   | Killed Turgon's ghost
 12606 | Lair:5   | Reached skill level 18 in Stealth
 12606 | Lair:5   | Reached skill level 10 in Spellcasting
 12637 | Lair:5   | Found a hole to the Spider Nest.
 13408 | Lair:6   | Found a staircase to the Shoals.
 13736 | Lair:6   | Noticed a four-headed hydra
 13738 | Lair:6   | Noticed a seven-headed hydra
 13789 | Lair:6   | Reached skill level 19 in Stealth
 14007 | Lair:6   | Killed a seven-headed hydra
 14077 | Lair:6   | Found a sacrificial altar of Ru.
 14095 | Lair:6   | Found a runed door.
 14096 | Lair:6   | Found a viscous altar of Jiyva.
 14097 | Lair:6   | Noticed an azure jelly
 14098 | Lair:6   | Found a staircase to the Slime Pits.
 14424 | Lair:6   | Killed a four-headed hydra
 14424 | Lair:6   | Reached XP level 13. HP: 55/55 MP: 24/34
 14621 | Lair:6   | Slain by an azure jelly

Action                   |  1- 3 |  4- 6 |  7- 9 | 10-12 | 13-15 || total
-------------------------+-------+-------+-------+-------+-------++-------
Melee: Dagger            |    84 |    85 |   292 |   512 |    20 ||   993
 Cast: Corona            |     2 |       |       |       |       ||     2
       Ensorcelled Hiber |    16 |    23 |    86 |   138 |     5 ||   268
       Confuse           |       |     5 |    30 |    19 |       ||    54
       Enslavement       |       |       |     4 |     7 |       ||    11
       Mass Confusion    |       |       |       |     7 |       ||     7
Invok: Shadow Step       |       |       |       |     1 |       ||     1
Evoke: Box of beasts     |       |       |       |     3 |       ||     3
  Use: Scroll            |       |    10 |     6 |    16 |       ||    32
       Potion            |       |       |     8 |     9 |       ||    17
 Stab: Sleeping          |    17 |    21 |    75 |   121 |     4 ||   238
       Confused          |       |     1 |    12 |    16 |       ||    29
       Invisible         |       |       |     5 |       |       ||     5
       Distracted        |       |       |     2 |     1 |       ||     3
       Paralysed         |       |       |     1 |       |       ||     1
  Eat: Fruit             |       |     1 |     5 |     7 |       ||    13
       Pizza             |       |       |     1 |     1 |       ||     2
       Royal jelly       |       |       |       |     1 |       ||     1
